AoeStats
← SeemsFishy

Black Forest

508713425Analyzed
4v4 RM · 8d ago on Sep 23, 2026· 43m 11s· 8 players
Game mode
Random Map
Map size
Large (8 player)
Population
200
Speed
Normal
Resources
Standard
Victory
Conquest
Starting age
Dark Age
Ending age
Imperial Age
RankedLock teamsTeams togetherTeam positionsShared explorationLock speedFull tech treeHidden civsTurbo modeCheats
Victory
Defeat
🇩🇪 Danes · Germany
1444
+12
🇨🇭 Varangians · Switzerland
1413
+13
🇩🇪 Jurchens · Germany
1407
+13
🇬🇧 Saxons · United Kingdom
1394
+14
🇫🇮 Ethiopians · Finland
1492
-18
🇩🇪 Saracens · Germany
1316
-12
🇲🇽 Varangians · Mexico
1300
-11
🇹🇭 Danes · Thailand
1295
-11
SeemsFishy
1:08 Loom
13:12 Feudal Age
18:34 Castle Age
18:03 Double-Bit Axe
18:07 Fishing Lines
19:28 Bow Saw
20:26 Stone Mining
24:24 Gold Mining
25:08 Gillnets
27:31 Wheelbarrow
30:12 Hand Cart
30:37 Gold Shaft Mining
33:30 Imperial Age
33:17 Scale Mail Armor
33:27 Forging
33:49 Squires
33:38 Arson
33:27 Pikeman
34:26 Chain Mail Armor
33:38 Elite Varangian Guard
35:23 Iron Casting
34:34 Halberdier
36:50 Conscription
37:24 Plate Mail Armor
37:58 Shield Wall
41:20 Two-Man Saw
41:34 Coinage
43:17 Banking
42:58 Guilds
43:23 Caravan
软脚虾3号
12:24 Feudal Age
13:20 Double-Bit Axe
16:15 Castle Age
14:49 Fishing Lines
17:21 Bow Saw
17:26 Gillnets
19:49 Horse Collar
21:05 Wheelbarrow
21:23 Heavy Plow
22:25 Gold Mining
22:25 Stone Mining
28:17 Imperial Age
26:26 Hand Cart
25:57 Loom
26:00 Town Watch
27:04 Gold Shaft Mining
26:51 Fletching
27:02 Padded Archer Armor
27:23 Ballistics
27:52 Stone Shaft Mining
28:14 Bodkin Arrow
28:34 Leather Archer Armor
28:32 Masonry
28:46 Caravan
29:19 Bracer
30:21 Chemistry
29:27 Siege Engineers
29:47 Conscription
30:02 Bloodlines
29:53 Husbandry
30:24 Ring Archer Armor
30:04 Cranequins
30:50 Thumb Ring
30:59 Onager
31:38 Heavy Mounted Crossbowman
32:58 Siege Onager
33:44 Scale Mail Armor
33:54 Forging
34:05 Squires
33:51 Arson
33:39 Hamask
35:08 Northmen's Fury
35:32 Elite Jomsviking
36:29 Chain Mail Armor
38:39 Plate Mail Armor
38:44 Iron Casting
38:48 Hoardings
38:12 Capped Ram
40:26 Siege Ram
lorddoc
1:30 Loom
11:16 Feudal Age
16:33 Castle Age
16:14 Double-Bit Axe
19:59 Fishing Lines
20:40 Town Watch
26:05 Bow Saw
27:45 Horse Collar
28:53 Gillnets
32:21 Imperial Age
30:28 Wheelbarrow
30:11 Scale Barding Armor
30:19 Forging
30:59 Gold Mining
31:49 Chain Barding Armor
32:31 Iron Casting
32:03 Stone Mining
32:16 Fletching
33:27 Conscription
33:45 Plate Barding Armor
33:20 Heavy Plow
33:28 Gothikon
34:42 Hand Cart
33:56 Elite Jarl
37:14 Blast Furnace
39:55 Chemistry
39:16 Ballistics
38:56 Bodkin Arrow
40:04 Pikeman
40:44 Squires
40:30 Gambesons
40:34 Arson
40:52 Scale Mail Armor
40:53 Bracer
40:37 Halberdier
42:37 Chain Mail Armor
vladtepes
11:07 Feudal Age
14:42 Castle Age
13:08 Double-Bit Axe
15:34 Bow Saw
16:22 Fishing Lines
22:02 Wheelbarrow
21:51 Fishing Lines
22:53 Gillnets
23:21 Gold Mining
24:35 Hand Cart
24:16 Horse Collar
29:47 Imperial Age
27:41 Stone Mining
28:01 Treadmill Crane
28:29 Scale Barding Armor
28:34 Forging
29:22 Gold Shaft Mining
30:03 Chain Barding Armor
29:54 Bloodlines
29:44 Husbandry
30:18 Heavy Rocket Cart
31:31 Thunderclap Bombs
32:24 Plate Barding Armor
31:29 Elite Iron Pagoda
33:26 Conscription
33:54 Iron Casting
38:01 Siege Engineers
38:16 Masonry
38:07 Fortified Bastions
38:42 Hoardings
38:49 Hoardings
41:44 Ballistics
41:12 Arrowslits
41:18 Guard Tower
41:24 Murder Holes
41:39 Fortified Wall
41:50 Ballistics
42:00 Architecture
41:21 Fletching
42:32 Blast Furnace
41:25 Fletching
42:49 Caravan
43:31 Keep
44:00 Chemistry
43:34 Architecture
44:05 Chemistry
thaebS
2:19 Loom
12:17 Feudal Age
16:00 Castle Age
14:39 Double-Bit Axe
14:52 Fishing Lines
19:19 Bow Saw
19:21 Horse Collar
21:30 Wheelbarrow
23:18 Gillnets
24:07 Gold Mining
27:27 Loom
27:58 Hand Cart
27:28 Town Watch
28:42 Gold Shaft Mining
27:58 Stone Mining
30:39 Imperial Age
28:26 Forging
28:17 Scale Mail Armor
29:20 Stone Shaft Mining
30:54 Iron Casting
30:34 Chain Mail Armor
30:33 Masonry
30:44 Ballistics
30:31 Town Patrol
31:09 Fletching
31:31 Squires
31:17 Arson
33:35 Chemistry
32:40 Siege Engineers
33:46 Blast Furnace
33:17 Plate Mail Armor
32:11 Halberdier
34:05 Two-Man Saw
33:16 Torsion Engines
33:36 Conscription
33:49 Architecture
34:36 Bodkin Arrow
35:20 Padded Archer Armor
34:56 Onager
36:39 Coinage
36:09 Caravan
36:21 Guilds
35:52 Onager
37:43 Heavy Scorpion
38:43 Murder Holes
40:26 Banking
41:01 Fortified Wall
40:53 Bracer
41:09 Leather Archer Armor
40:59 Capped Ram
nikias.marquardt
5:07 Loom
12:05 Feudal Age
16:54 Castle Age
14:45 Horse Collar
15:01 Double-Bit Axe
17:21 Scale Barding Armor
18:20 Forging
21:02 Chain Barding Armor
21:50 Bow Saw
24:11 Heavy Plow
24:50 Bloodlines
30:22 Imperial Age
28:57 Wheelbarrow
28:11 Town Watch
29:30 Husbandry
32:12 Chemistry
30:39 Heavy Camel Rider
31:59 Plate Barding Armor
31:59 Iron Casting
41:23 Light Cavalry
derschulerin
2:24 Loom
11:23 Feudal Age
16:15 Castle Age
14:27 Double-Bit Axe
16:25 Horse Collar
17:36 Bow Saw
26:25 Caravan
28:38 Wheelbarrow
28:36 Town Watch
29:53 Scale Barding Armor
29:50 Gold Mining
30:09 Stone Mining
30:22 Heavy Plow
33:51 Imperial Age
32:11 Bloodlines
32:03 Husbandry
32:59 Hand Cart
32:47 Padded Archer Armor
33:10 Chain Barding Armor
34:00 Ballistics
33:52 Forging
33:14 Vendel Legacy
33:59 Fletching
34:51 Stone Shaft Mining
34:34 Hand Cart
35:40 Plate Barding Armor
35:06 Bodkin Arrow
35:48 Iron Casting
35:38 Conscription
34:39 Cavalier
36:18 Town Patrol
39:55 Blast Furnace
38:57 Bracer
40:47 Chemistry
39:52 Siege Engineers
40:29 Padded Archer Armor
kirtokhan123
1:08 Loom
14:22 Feudal Age
15:06 Double-Bit Axe
19:36 Castle Age
18:32 Horse Collar
20:45 Bow Saw
22:50 Heavy Plow
24:47 Fishing Lines
26:09 Gillnets
27:52 Wheelbarrow
29:18 Gold Mining
29:19 Stone Mining
29:11 Hamask
32:29 Imperial Age
31:12 Murder Holes
31:28 Masonry
31:22 Scale Mail Armor
31:33 Forging
31:13 Fletching
31:29 Squires
31:14 Arson
31:15 Gambesons
32:57 Chain Mail Armor
33:14 Fletching
34:00 Conscription
34:42 Hand Cart
34:12 Town Watch
35:46 Plate Mail Armor
35:52 Iron Casting
35:38 Bodkin Arrow
35:52 Stone Mining
35:46 Pikeman
37:18 Gold Shaft Mining
37:18 Stone Shaft Mining
36:52 Halberdier
38:29 Ballistics
39:10 Chemistry
Connection lost

Rejoining the realm…

Still unreachable

The connection could not be restored.

Session expired

The server has moved on; the page needs a fresh start.